Map: [ESL] Moondance

Players

Scarlett

  • Race: Zerg Zerg
  • Spawn Location: 12:00

Astrea - Winner!

  • Race: Protoss Protoss
  • Spawn Location: 6:00

Event: DreamHack SC2 Masters 2022 Atlanta (Online)

VOD

Have the link to the VOD?

Description

Time

  • Played on: Oct. 16, 2022, 4:02 p.m.
  • Length: 5:49

All games in this series

Show
View Real Time Build Order
Export as new Build Order

Scarlett Zerg 

Build Orders: Hatch First 

Get SALT Encoding   

  12  0:00  Drone  
  13  0:12  Overlord  
  13  0:17  Drone  
  14  0:30  Drone x2  
  16  0:41  Drone  
  17  0:50  Hatchery  
  17  0:54  Drone  
  17  0:57  Drone  
  18  1:08  Extractor  
  17  1:13  Spawning Pool  
  17  1:15  Drone  
  17  1:20  Drone  
  18  1:28  Drone  
  19  1:39  Drone  
  20  1:49  Overlord  
  20  2:00  Queen  
  22  2:02  Zergling x2, Queen  
  22  2:03  Drone  
  26  2:10  Drone  
  26  2:12  Metabolic Boost  
  26  2:15  Drone  
  28  2:22  Drone  
  29  2:24  Drone  
  30  2:35  Zergling x2  
  31  2:39  Hatchery  
  31  2:42  Queen  
  32  2:46  Drone  
  32  2:50  Overlord  
  33  2:53  Drone  
  33  2:56  Drone x2  
  36  3:13  Drone  
  36  3:15  Drone x3, Overlord  
  36  3:16  Drone  
  36  3:17  Queen  
  43  3:21  Drone  
  44  3:29  Overlord  
  44  3:33  Queen  
  47  3:34  Drone x3  
  49  3:46  Drone x3  
  49  3:47  Drone  
  53  3:50  Queen  
  53  3:52  Spore Crawler  
  53  3:53  Drone x3  
  57  3:57  Queen  
  59  4:03  Drone x3  
  62  4:11  Zergling x2  
  62  4:12  Zergling x6  
  65  4:18  Roach Warren  
  65  4:19  Zergling x2, Overlord  
  65  4:20  Overlord  
  65  4:23  Overlord  
  65  4:27  Extractor  
  65  4:30  Spine Crawler  
  63  4:32  Zergling x2  
  63  4:33  Zergling x2  
  63  4:35  Spine Crawler  
  63  4:37  Zergling x4, Spine Crawler  
  66  4:41  Zergling x8  
  66  4:44  Zergling x2  
  71  4:51  Zergling x8  
  71  4:52  Zergling x2  
  75  4:57  Zergling x8  
  75  5:00  Roach  
  75  5:06  Zergling x8  
  64  5:14  Roach x3  
  64  5:19  Roach x3  
  73  5:24  Roach x3  
Show
View Real Time Build Order
Export as new Build Order

Astrea Protoss - Winner!

Build Orders: 1 Gate Expand 

Get SALT Encoding   

  12  0:00  Probe  
  13  0:12  Probe  
  14  0:18  Pylon  
  14  0:24  Probe (Chrono Boost)  
  15  0:36  Probe (Chrono Boost)  
  15  0:39  Gateway  
  16  0:45  Probe (Chrono Boost)  
  16  0:49  Assimilator  
  17  0:51  Probe  
  18  1:03  Probe  
  19  1:15  Probe  
  20  1:27  Nexus  
  20  1:38  Cybernetics Core  
  20  1:41  Probe  
  21  1:49  Pylon  
  21  1:53  Probe  
  22  2:05  Probe  
  23  2:12  Adept (Chrono Boost)  
  25  2:16  Robotics Facility  
  25  2:17  Probe  
  26  2:27  Warp Gate  
  27  2:30  Probe (Chrono Boost)  
  27  2:38  Stalker  
  27  2:39  Probe (Chrono Boost)  
  31  2:48  Probe (Chrono Boost)  
  31  2:49  Probe (Chrono Boost)  
  31  2:50  Gateway  
  32  2:54  Probe (Chrono Boost)  
  32  2:56  Gateway  
  33  3:04  Warp Prism (Chrono Boost)  
  33  3:09  Probe  
  33  3:11  Probe  
  37  3:28  Gateway  
  37  3:30  Immortal (Chrono Boost)  
  41  3:35  Gateway  
  41  3:39  Gateway  
  41  3:47  Gateway  
  41  3:51  Pylon  
  41  3:52  Probe  
  43  3:55  Pylon  
  43  3:59  Pylon  
  42  4:13  Pylon  
  42  4:15  Zealot x3  
  48  4:23  Zealot  
  50  4:29  Zealot x2  
  54  4:34  Zealot  
  54  4:35  Zealot x2  
  54  4:38  Zealot  
  62  4:39  Pylon  
  62  4:57  Zealot x5  
  62  4:58  Zealot  
  66  5:10  Zealot x2  
  70  5:19  Zealot  
  70  5:20  Zealot x4  
  68  5:39  Zealot x3  
  68  5:40  Zealot x3  
  76  5:44  Zealot  
Tags
 
Add a new tag
Caveats
  • Supply blocks, unpowered buildings, or Contaminate may cause inaccurate times.
  • Supply counts are checked every 10 seconds.